 Dungeon Crawl Stone Soup version 0.29.0-15-g675c0067aa (webtiles) character file.

Game seed: 2794452911053797282

434 gelatine the Chopper (level 6, -7/56 HPs)
             Began as a Minotaur Fighter on Sept 11, 2022.
             Killed by divine providence
             ... invoked by an orc priest
              (10 damage)
             ... on level 4 of the Dungeon.
             The game lasted 00:05:32 (2973 turns).

gelatine the Chopper (Minotaur Fighter)             Turns: 2973, Time: 00:05:34

Health: -7/56      AC:  7    Str: 28    XL:     6   Next: 68%
Magic:  5/5        EV: 10    Int:  5    God:
Gold:   284        SH:  4    Dex: 10    Spells: 5/5 levels left

rFire   . . .      SeeInvis .   a - +0 war axe
rCold   . . .      Faith    .   c - +0 buckler
rNeg    . . .      Spirit   .   b - +0 scale mail
rPois   +          Reflect  .   (helmet restricted)
rElec   .          Harm     .   (no cloak)
rCorr   .          Rampage  .   (no gloves)
Will    .....                   (no boots)
Stlth   ..........              (no amulet)
HPRegen 0.18/turn               f - ring of poison resistance
MPRegen 0.09/turn               x - +6 ring of strength

@: no status effects
A: horns 2, retaliatory headbutt
a: no special abilities


You were on level 4 of the Dungeon.
You visited 1 branch of the dungeon, and saw 4 of its levels.

You collected 284 gold pieces.

Inventory:

Hand Weapons
 a - a +0 war axe (weapon)
 k - a +2 dagger of draining
Missiles
 l - 2 datura-tipped darts (quivered)
Armour
 b - a +0 scale mail (worn)
 c - a +0 buckler (worn)
 j - a +0 chain mail
Jewellery
 f - a ring of poison resistance (left hand)
 u - a ring of protection from cold
 x - a +6 ring of strength (right hand)
Scrolls
 i - 2 scrolls of summoning {unknown}
 m - 4 scrolls of identify {unknown}
 n - a scroll of magic mapping {unknown}
 p - 2 scrolls of blinking {unknown}
 s - a scroll of amnesia {unknown}
 v - 2 scrolls of noise {unknown}
 y - a scroll of enchant weapon {unknown}
Potions
 d - 3 potions of might
 e - 7 potions of curing {unknown}
 g - a potion of cancellation {unknown}
 h - a potion of brilliance {unknown}
 o - 2 potions of invisibility {unknown}
 q - 2 potions of lignification {unknown}
 r - 2 potions of haste
 t - 2 potions of heal wounds {unknown}
 w - 2 potions of attraction {unknown}
 z - a potion of degeneration {unknown}


   Skills:
 + Level 5.2 Fighting
 + Level 5.8 Axes
 + Level 5.3 Armour
 + Level 1.3 Dodging
 + Level 0.4 Stealth
 + Level 4.3 Shields


You had 5 spell levels left.
You didn't know any spells.
Your spell library contained the following spells:

 Spells                   Type           Power      Damage    Failure   Level
 Ensorcelled Hibernation  Hex/Ice        0%         N/A       91%         2
 Spider Form              Tmut/Pois      0%         N/A       99%         3
 Anguish                  Hex/Necr       0%         N/A       100%        4


Dungeon Overview and Level Annotations

Branches:
Dungeon (4/15)
 Temple: D:4-7

Altars:
Yredelemnul


Innate Abilities, Weirdness & Mutations

You have a pair of horns on your head.
You reflexively headbutt those who attack you in melee.


Message History

You kill the orc!
The orc throws a boomerang.
The boomerang barely misses you. The orc hits you with a +0 hand axe.
Things that are here:
a +0 club; a +0 leather armour; an orc corpse You hit the orc.
The orc is heavily wounded.
You block the orc's attack.
You slash the orc!
You kill the orc!
The orc priest mumbles some strange prayers to Beogh against you.
Beogh smites you! The ogre closely misses you.
You barely miss the ogre. You hit the ogre but do no damage.
You block the ogre's attack.
You slash the ogre!
The ogre is heavily wounded.
You block the ogre's attack.
You hit the ogre but do no damage.
The ogre is heavily wounded.
The ogre misses you.
You slash the ogre! Your headbutt misses the ogre.
The ogre is almost dead.
The ogre hits you with a +0 giant club!!
You hit the ogre but do no damage.
The ogre is almost dead.
The ogre hits you with a +0 giant club!
* * * LOW HITPOINT WARNING * * *
You slash the ogre!
You kill the ogre!
The orc priest casts a cantrip, but nothing happens.
The orc priest hits you but does no damage.
Items here: ( )) ††.
You hit the orc priest but do no damage.
Your headbutt misses the orc priest.
The orc priest mumbles some strange prayers to Beogh against you.
Pain shoots through your body!
* * * LOW HITPOINT WARNING * * *
The orc priest invokes the aid of Beogh against you.
Beogh smites you!
You die...

#..#.....#.#
#....###...# ##
#.######..## #..
#..# ##...# #...
##.###...## ...#
##.#.#.### #..#
#.....### #..#
###.....####...#
##..<...)@o.#
#...########
#).## ##.## #..#
######..#
#.......#
#.>....##
#....>.#


You could see an orc priest.

Vanquished Creatures
  An ogre (D:4)
  A scorpion (D:4)
  3 orc priests (D:4)
  2 hounds
  6 adders
  2 worms (D:2)
  2 dart slugs (D:1)
  4 orcs (D:4)
  5 bats
  10 endoplasms
  8 giant cockroaches
  8 goblins
  7 hobgoblins
  6 kobolds
  2 quokkas
  4 ball pythons
  3 frilled lizards
  5 rats
  A bush (D:2)
80 creatures vanquished.

Vanquished Creatures (others)
  3 plants (D:2)
3 creatures vanquished.

Grand Total: 83 creatures vanquished

Notes
Turn   | Place    | Note
-------+----------+-------------------------------------------
     0 | D:1      | gelatine the Minotaur Fighter began the quest for the Orb.
     0 | D:1      | Reached XP level 1. HP: 19/19 MP: 0/0
   237 | D:1      | Reached XP level 2. HP: 27/27 MP: 1/1
   694 | D:1      | Reached XP level 3. HP: 29/33 MP: 2/2
   918 | D:2      | Found a basalt altar of Yredelemnul.
  1202 | D:2      | Found a faded altar of an unknown god.
  1282 | D:2      | Reached XP level 4. HP: 40/41 MP: 3/3
  2378 | D:3      | Reached XP level 5. HP: 44/47 MP: 4/4
  2823 | D:4      | Reached skill level 5 in Fighting
  2823 | D:4      | Reached skill level 5 in Axes
  2823 | D:4      | Reached skill level 5 in Armour
  2827 | D:4      | Reached XP level 6. HP: 45/56 MP: 5/5
  2832 | D:4      | Reached skill level 1 in Dodging
  2973 | D:4      | Killed from afar by an orc priest

Illustrated notes

Levels and vault maps discovered:
D:1:      lightli_arrival_maybe_door_vault, layout_basic
D:2:      layout_loops_ring, basic_altar, serial_forest,
          infiniplex_forest_lined_corner, infiniplex_forest_clump_diagonal,
          infiniplex_forest_clump_diagonal, infiniplex_forest_straight_5,
          infiniplex_forest_straight_2, infiniplex_forest_lined_3_way,
          infiniplex_forest_end_3, infiniplex_forest_straight_3,
          infiniplex_forest_lined_1, hellmonk_ecumenical_altar_lost_god,
          minmay_indecisive_spiral
D:3:      layout_basic
D:4:      layout_layer_cave, serial_glass, glass_columns_a, glass_columns_b,
          feat_on_display, item_on_display_a, minmay_misc_feat_five,
          abandoned_shop, grunt_decor_fettered, kennysheep_opposing_triangles

Skill      XL: |  1  2  3  4  5  6 |
---------------+-------------------+-----
Fighting       | 4 5 |  5.2
Armour         | 4 5 |  5.3
Shields        | 4 |  4.3
Axes           | 3 4 5 |  5.8
Dodging        | 1 |  1.3
Stealth        | |  0.4

Action                   |  1- 3 |  4- 6 || total
-------------------------+-------+-------++-------
Melee: War axe           |    85 |   139 ||   224
       Headbutt          |    21 |    31 ||    52
Armor: Scale mail        |    30 |    44 ||    74
Dodge: Dodged            |    48 |    40 ||    88
Block: Buckler           |    14 |    21 ||    35
